 Dungeon Crawl Stone Soup version 0.31-a0-506-g3d79149578 (webtiles) character file.

Game seed: 8164429841892117043

2 GordonOverkill the Sneak (level 1, -2/16 HPs)
             Began as an Octopode Delver on Aug 9, 2023.
             Slain by a wyvern (18 damage)
             ... on level 7 of the Dungeon.
             The game lasted 00:00:42 (106 turns).

GordonOverkill the Sneak (Octopode Delver)           Turns: 106, Time: 00:00:43

Health: -2/16      AC:  1    Str: 11    XL:     1   Next: 30%
Magic:  1/1        EV: 13    Int: 12    God:
Gold:   20         SH:  0    Dex: 13    Spells: 0/0 levels left

rFire   . . .        a - +0 short sword
rCold   . . .        (no shield)
rNeg    . . .        (helmet restricted)
rPois   .            (no amulet)
rElec   .            (no ring)
rCorr   .            (no ring)
SInv    .            (no ring)
Will    .....        (no ring)
Stlth   ++++         (no ring)
HPRegen 0.22/turn    (no ring)
MPRegen 0.07/turn    (no ring)
                     (no ring)

%: no passive effects
@: hasted, very quick
A: almost no armour, amphibious, 8 rings, camouflage 1, gelatinous body 1,
(nimble swimmer 1), tentacles
a: no special abilities


You were on level 7 of the Dungeon.
You visited 1 branch of the dungeon, and saw 3 of its levels.

You collected 20 gold pieces.

Inventory:

Hand Weapons
 a - a +0 short sword (weapon)
Talismans
 j - a blade talisman
Wands
 f - a wand of digging (3)
Scrolls
 b - a scroll of fog
 c - a scroll of revelation
 d - a scroll of fear
 g - a scroll of identify {unknown}
 i - a scroll of amnesia {unknown}
Potions
 h - a potion of degeneration {unknown}


   Skills:
 - Level 3.0 Fighting
 + Level 2.1 Short Blades
 - Level 2.0 Dodging
 - Level 6.6 Stealth
 + Level 0.2 Shapeshifting


You couldn't memorise any spells.
You didn't know any spells.
Your spell library was empty.

Dungeon Overview and Level Annotations

Branches:
Dungeon (7/15)
 Temple: D:4-7

Altars:


Innate Abilities, Weirdness & Mutations

You cannot wear most types of armour.
You are amphibious.
You can wear up to eight rings at the same time.
Your skin changes colour to match your surroundings (Stealth+).
Your rubbery body absorbs attacks. (AC +1, EV +1)
((You are camouflaged when in or above water. (Stealth+)))
You have tentacles for arms and can constrict up to eight enemies at once.


Message History

You constrict the orc, but do no damage.
You hit the orc but do no damage.
You constrict the orc, but do no damage.
The orc closely misses you.
You hit the orc but do no damage.
You constrict the orc, but do no damage.
The orc hits you with a +0 short sword.
* * * LOW HITPOINT WARNING * * *
You hit the orc.
The orc is moderately wounded.
You constrict the orc, but do no damage.
The orc hits you but does no damage.
You hit the orc but do no damage. You squeeze the orc.
You kill the orc!
Things that are here:
a +0 short sword; a +0 leather armour You start resting.
An ogre comes into view. It is wielding a +0 giant club.
You start resting.
HP restored.
There is a stone staircase leading down here.
You climb downwards.
There is a stone staircase leading up here.
Found 20 gold pieces.
Found a stone staircase leading down.
You now have 20 gold pieces.
There is a stone staircase leading down here.
You climb downwards.
There is a stone staircase leading up here.
Found a scroll labelled NANIEH DOKICILOCAI.
Found a green potion.
Found a puce potion and a scale mail.
A wyvern comes into view.
The wyvern hisses angrily.
You see here a scroll labelled NANIEH DOKICILOCAI.
Okay, then.
You feel yourself speed up.
You hit the wyvern but do no damage. The wyvern bites you!!
Ouch! That really hurt!
You die...

.....
......#.... ....
......#... ...
#........ #.##
.#.......# ##..#
.........###<..#
......!...###.##
.......l.......#
...!...?@...####
....##......# .
##.....#
#....### #...##
....## [.#### ..


You could see a wyvern.

Vanquished Creatures
  An orc (D:5)
1 creature vanquished.

Notes
Turn   | Place    | Note
-------+----------+-------------------------------------------
     0 | D:5      | GordonOverkill the Octopode Delver began the quest for the
                  | Orb.
     0 | D:5      | Reached XP level 1. HP: 16/16 MP: 1/1
    44 | D:5      | Noticed an ogre
   101 | D:7      | Noticed a wyvern
   106 | D:7      | Slain by a wyvern

Illustrated notes

Levels and vault maps discovered:
D:5:      layout_loops_ring, grunt_temple_overflow_open,
          minmay_temple_entry_offerings, nicolae_eternal_life, uniq_pikel,
          uniq_sigmund
D:6:      layout_basic, okawaru_metal_pillars_1_2
D:7:      layout_cave_pools, tgw_sif, nicolae_uskayaw_en_pointe,
          grunt_gozag_breadcrumbs

Action                     || total
---------------------------++-------
  Melee: Short sword       ||     6
         Constrict         ||     1
         Punch             ||     1
         Tentacles         ||     1
    Use: Potion            ||     1
 Armour: Skin              ||     1
  Dodge: Dodged            ||     1

Table legend: (Time is in decaauts)
 A = Elapsed time spent in this place.
 B = Non-inter-level travel time spent in this place.
 C = Inter-level travel time spent in this place.
 D = Time resting spent in this place.
 E = Time spent auto-exploring this place.
 F = Levels seen in this place.
 G = Mean time per level.
                   A        B        C        D        E       F      G
               +--------+--------+--------+--------+--------+-----+--------+
         Total |    104 |    104 |      0 |     22 |      0 |   3 |   34.7 |
       Dungeon |    104 |    104 |      0 |     22 |      0 |   3 |   34.7 |
               +--------+--------+--------+--------+--------+-----+--------+

Top non-repeatable levels by time:
     D:5: 78 daAuts
     D:6: 16 daAuts
     D:7: 9 daAuts
